Map: Terrasses de Prion

Players

peramon - Winner!

  • Race: Terran Terran
  • Spawn Location: 5:00

zidar

  • Race: Zerg Zerg
  • League: Silver
  • Spawn Location: 11:00

VOD

Have the link to the VOD?

Description

Time

  • Played on: Feb. 9, 2016, 2:50 p.m.
  • Length: 14:41
Show
View Real Time Build Order
Export as new Build Order

peramon Terran - Winner!

Build Orders:  

Get SALT Encoding   

  12  0:01  SCV  
  13  0:14  SCV  
  14  0:18  Supply Depot  
  14  0:26  SCV  
  15  0:39  SCV  
  15  0:41  Barracks  
  16  0:47  Refinery  
  16  0:53  SCV  
  17  1:06  SCV  
  18  1:18  SCV  
  19  1:30  Bunker  
  19  1:32  Marine  
  20  1:37  Barracks  
  20  1:38  Orbital Command  
  20  1:45  Barracks  
  20  1:53  Marine  
  21  2:04  SCV  
  22  2:16  Marine  
  23  2:27  Barracks Reactor, Supply Depot  
  23  2:30  SCV  
  22  2:48  Factory  
  20  3:13  Marine x3  
  20  3:19  Command Center  
  23  3:20  SCV  
  23  3:21  Refinery  
  24  3:28  Barracks Tech Lab  
  24  3:45  Marine  
  22  3:50  Marine x2  
  22  3:51  Marauder  
  24  4:03  Marine  
  24  4:08  Marine  
  24  4:09  Marine  
  27  4:12  Marauder  
  31  4:20  Widow Mine  
  31  4:21  Marine  
  31  4:27  Marine  
  31  4:51  Starport  
  31  4:54  Marine, SCV  
  31  4:55  Marauder  
  31  4:57  Orbital Command  
  35  5:06  SCV  
  36  5:12  Barracks Tech Lab  
  36  5:18  SCV  
  37  5:23  Marine x2  
  41  5:29  Engineering Bay  
  41  5:31  Medivac  
  45  5:35  Engineering Bay  
  45  5:36  Widow Mine x2, SCV  
  46  5:46  Refinery  
  46  5:50  Supply Depot  
  46  5:51  Stimpack  
  46  6:06  SCV, Barracks Reactor  
  40  6:12  Supply Depot  
  39  6:19  Marine x2  
  41  6:31  SCV  
  42  6:37  Marine  
  43  6:42  Barracks, Terran Infantry Weapons Level 1  
  47  6:52  Terran Infantry Armor Level 1  
  47  6:54  Widow Mine x2  
  41  7:25  SCV  
  41  7:29  Marine x2  
  44  7:32  Medivac x2  
  52  7:39  Barracks Reactor, Supply Depot  
  52  7:40  Command Center  
  52  7:41  Widow Mine x2  
  52  7:54  Refinery, SCV  
  53  8:00  Marine x2  
  55  8:06  SCV x2  
  55  8:09  Supply Depot  
  57  8:16  Supply Depot  
  57  8:18  SCV  
  58  8:25  Marine x4  
  62  8:38  Marine  
  62  8:40  Viking x2  
  67  8:43  Marine  
  67  8:44  Marauder  
  70  8:54  Orbital Command  
  70  8:59  Barracks  
  70  9:04  Armory  
  70  9:05  Supply Depot  
  72  9:13  Widow Mine  
  72  9:25  Marine x3  
  72  9:26  Marauder x2  
  79  9:44  Marine  
  79  9:45  Marine  
  82  9:47  Marauder x2  
  82  9:51  Supply Depot  
  88  9:52  Viking  
  88  9:57  Barracks Reactor  
  88  9:59  Widow Mine x2  
  89  10:00  Terran Infantry Weapons Level 2  
  89  10:06  SCV x2  
  91  10:08  SCV  
  92  10:15  Barracks Tech Lab  
  92  10:26  Marine x2  
  92  10:27  Supply Depot  
  94  10:33  Marine x2  
  94  10:34  Marine x2  
  98  10:36  Medivac  
  98  10:37  Viking  
  104  10:43  Terran Infantry Armor Level 2  
  104  10:48  SCV  
  104  10:49  Marine, SCV x2  
  105  10:50  Marine  
  107  11:03  Marine x2  
  109  11:07  Marine x2  
  111  11:19  Marine x3  
  111  11:21  SCV x2  
  111  11:22  SCV  
  117  11:28  Viking, Medivac  
  121  11:37  Marauder  
  120  12:00  Marine x6  
  125  12:11  Marine  
  121  12:17  Marine  
  121  12:18  Marine x3  
  121  12:19  Widow Mine x2  
  121  12:22  Marine  
  125  12:23  Marauder, Viking x2  
  125  12:29  Marine  
  133  12:31  Refinery  
  133  12:35  Marine x2, Refinery  
  133  12:36  Marine x2  
  137  12:38  Supply Depot  
  137  12:41  Marauder  
  137  12:44  Marine  
  139  12:47  Marine  
  139  12:48  SCV x2, Supply Depot  
  139  12:50  Supply Depot  
  143  12:53  Medivac x2  
  143  12:54  SCV  
  148  12:59  Marine x3  
  148  13:00  Marine  
  148  13:02  Marauder x2  
  148  13:04  Marine  
  157  13:10  Hellion  
  157  13:11  Hellion  
  161  13:15  Supply Depot  
  161  13:17  Marine x3  
  161  13:18  Marine  
  165  13:22  Marine  
  165  13:23  Medivac  
  165  13:26  Marine  
  165  13:27  Marine  
  169  13:32  Supply Depot  
  170  13:35  Marine x3  
  170  13:36  Marine  
  170  13:37  Hellion  
  170  13:41  Marauder  
  178  13:45  Marine, Marauder  
  181  13:49  Supply Depot  
  181  13:52  Marine  
  181  13:53  Marine x2  
  181  13:54  Marine  
  185  14:04  Marine x2  
  185  14:06  Marauder  
  189  14:10  Marine  
  174  14:20  Marine x3  
  174  14:22  Marine  
Show
View Real Time Build Order
Export as new Build Order

zidar Zerg 

Build Orders: Hatch First 

Get SALT Encoding   

  12  0:01  Drone  
  13  0:14  Overlord  
  13  0:17  Drone  
  14  0:32  Drone x2  
  16  0:36  Drone  
  17  0:56  Hatchery  
  16  0:58  Drone  
  16  1:02  Extractor, Drone  
  17  1:19  Spawning Pool  
  17  1:20  Drone  
  17  1:30  Drone  
  18  1:33  Overlord  
  17  2:08  Roach Warren, Queen  
  18  2:19  Zergling x6  
  18  2:20  Zergling x4  
  23  2:46  Zergling x2  
  23  2:47  Zergling x6  
  27  3:02  Metabolic Boost  
  25  3:27  Queen  
  25  4:05  Roach  
  25  4:06  Roach x4  
  34  4:21  Overlord x2  
  34  4:22  Overlord x2  
  30  4:48  Lair  
  30  4:55  Roach  
  30  4:56  Roach  
  34  5:02  Ravager x2  
  36  5:14  Ravager  
  37  5:25  Extractor  
  37  5:27  Drone x7  
  32  6:25  Drone x11  
  43  6:31  Spire  
  42  6:44  Queen  
  44  6:53  Hatchery  
  43  6:57  Zergling x8  
  43  6:58  Zergling x2  
  48  7:07  Evolution Chamber  
  41  7:44  Zergling x16  
  42  7:45  Roach  
  42  7:46  Roach x4  
  58  8:09  Queen  
  61  8:13  Ravager x3  
  61  8:16  Mutalisk  
  65  8:21  Drone  
  65  8:24  Overlord x2  
  65  8:40  Drone  
  65  8:41  Drone  
  66  8:45  Overlord x3  
  66  8:46  Overlord  
  66  9:04  Baneling Nest  
  64  9:14  Overseer  
  64  9:16  Queen  
  66  9:21  Mutalisk x4  
  73  9:42  Drone x3  
  73  9:45  Drone x4  
  77  9:46  Drone x7  
  87  9:57  Extractor  
  87  9:58  Extractor  
  85  10:10  Hatchery  
  84  10:17  Zerg Ground Armor Level 1  
  84  10:18  Centrifical Hooks  
  84  10:31  Evolution Chamber  
  83  10:37  Zergling x2  
  83  10:38  Zergling x26  
  97  10:58  Drone  
  97  11:01  Drone  
  97  11:02  Drone x3  
  102  11:06  Baneling  
  102  11:07  Baneling x9  
  102  11:08  Baneling  
  102  11:09  Baneling x2  
  100  11:45  Mutalisk x4  
  101  12:04  Mutalisk x2  
  105  12:16  Pneumatized Carapace  
  105  12:27  Queen  
  107  12:32  Queen  
  107  12:36  Zergling x2  
  107  12:37  Zergling x4  
  112  12:39  Overlord x3  
  112  12:57  Infestation Pit  
  111  13:12  Extractor  
  110  13:13  Extractor  
  109  13:41  Drone  
  109  13:42  Drone x2  
  109  13:43  Drone x3  
  112  14:08  Zergling x12  
  112  14:09  Zergling x36  
Tags
 
League
Silver
Matchup
TvZ
Spawn Locations
Cross Positions
Add a new tag
Caveats
  • Supply blocks, unpowered buildings, or Contaminate may cause inaccurate times.
  • Supply counts are checked every 10 seconds.